 Dungeon Crawl Stone Soup version 0.27-a0-1140-g099f9bb0e8 (webtiles) character file.

Game seed: 5153493630766271892

37 leviel the Skirmisher (level 3, -2/33 HPs)
             Began as a Minotaur Fighter on May 9, 2021.
             Slain by a gnoll
             ... wielding a +0 spear of venom
              (5 damage)
             ... on level 2 of the Dungeon.
             The game lasted 00:00:57 (902 turns).

leviel the Skirmisher (Minotaur Fighter)             Turns: 902, Time: 00:00:58

Health: -2/33      AC:  6    Str: 21    XL:     3   Next: 21%
Magic:  2/2        EV:  7    Int:  5    God:
Gold:   28         SH:  9    Dex:  9    Spells: 2/2 levels left

rFire    . . .     SeeInvis .   a - +0 war axe
rCold    . . .     Faith    .   c - +0 kite shield
rNeg     . . .     Spirit   .   b - +0 scale mail
rPois    .         Reflect  .   (helmet restricted)
rElec    .         Harm     .   (no cloak)
rCorr    .         Rampage  .   (no gloves)
Will     .....                  (no boots)
Stlth    ..........             (no amulet)
HPRegen  0.11/turn              (no ring)
MPRegen  0.08/turn              (no ring)

@: mighty, lethally poisoned (-2 -> -8)
A: horns 2, retaliatory headbutt
a: no special abilities


You were on level 2 of the Dungeon.
You visited 1 branch of the dungeon, and saw 2 of its levels.

You collected 28 gold pieces.

Inventory:

Hand Weapons
 a - a +0 war axe (weapon)
Armour
 b - a +0 scale mail (worn)
 c - a +0 kite shield (worn)
Scrolls
 f - a scroll of summoning {unknown}
 g - a scroll of magic mapping {unknown}
 i - a scroll of blinking {unknown}
Potions
 h - a potion of flight {unknown}


   Skills:
 + Level 4.2 Fighting
 * Level 4.0 Axes
 - Level 3.6 Armour
 - Level 3.6 Shields


You had 2 spell levels left.
You didn't know any spells.
Your spell library was empty.

Dungeon Overview and Level Annotations

Branches:
Dungeon (2/15)

Altars:


Innate Abilities, Weirdness & Mutations

You have a pair of horns on your head.
You reflexively headbutt those who attack you in melee.


Message History

The bat barely misses you. The gnoll hits you but does no damage.
You are lethally poisoned!
You feel very sick. You block the bat's attack.
There is an open door here.
You feel very sick. You block the bat's attack.
You feel very sick. The bat barely misses you. You furiously retaliate!
You headbutt the bat.
You kill the bat!
Your Axes skill increases to level 4!
It was a potion of curing.
You feel better. The bat barely misses you.
You closely miss the bat. You block the bat's attack.
The bat hits you but does no damage. The gnoll hits you but does no damage.
You slash the bat!
You kill the bat!
The gnoll hits you from afar with a +0 spear of venom.
A goblin comes into view. It is wielding a +0 club.
You block the gnoll's attack.
The goblin shouts!
The gnoll completely misses you.
You closely miss the gnoll. The gnoll hits you but does no damage.
You are poisoned.
You closely miss the gnoll. Your headbutt misses the gnoll.
You feel very sick. You block the gnoll's attack.
The gnoll hits you with a +0 spear of venom.
* * * LOW HITPOINT WARNING * * *
You are lethally poisoned!
You feel better.
The gnoll hits you with a +0 spear of venom.
You feel very mighty all of a sudden.
The gnoll hits you with a +0 spear of venom.
* * * LOW HITPOINT WARNING * * *
You are lethally poisoned!
You barely miss the gnoll.
* * * LOW HITPOINT WARNING * * *
You feel very sick.
The gnoll hits you with a +0 spear of venom.
You die...

######### +## #........ ..#
#........ ..##### ######
#........ ......# #....#
#b.......
...##.###....######g)......
.#.[............@ggg.......
##..#.#############g.......
..#.#.# #...?.... #.#>...
+........ #.#.####
#..(..... #.#<...#
######### #....#.# #....#
...#.#


You could see 4 gnolls and a goblin.

Vanquished Creatures
  A dart slug (D:2)
  3 bats
  5 endoplasms
  2 giant cockroaches (D:1)
  2 goblins
  3 hobgoblins (D:1)
  2 quokkas (D:1)
  A ball python (D:2)
  2 frilled lizards (D:1)
  5 kobolds (D:1)
  6 rats (D:1)
32 creatures vanquished.

Notes
Turn   | Place    | Note
-------+----------+-------------------------------------------
     0 | D:1      | leviel the Minotaur Fighter began the quest for the Orb.
     0 | D:1      | Reached XP level 1. HP: 19/19 MP: 0/0
   128 | D:1      | Reached XP level 2. HP: 21/27 MP: 1/1
   627 | D:1      | Reached XP level 3. HP: 33/33 MP: 2/2
   902 | D:2      | Slain by a gnoll

Illustrated notes

Levels and vault maps discovered:
D:1:      dpeg_arrival_orchard, layout_basic, st_stairs_14
D:2:      layout_basic, ebering_ecumenical_altar_webs

Skill      XL: |  1  2  3 |
---------------+----------+-----
Axes           | 3 4 |  4.0
Fighting       | 4 |  4.2
Armour         | |  3.6
Shields        | |  3.6

Action                   || total
-------------------------++-------
Melee: War axe           ||    60
       Headbutt          ||     9
  Use: Potion            ||     3
Armor: Scale mail        ||    26
Dodge: Dodged            ||    14
Block: Kite shield       ||    37

Table legend: (Time is in decaauts)
 A = Elapsed time spent in this place.
 B = Non-inter-level travel time spent in this place.
 C = Inter-level travel time spent in this place.
 D = Time resting spent in this place.
 E = Time spent auto-exploring this place.
 F = Levels seen in this place.
 G = Mean time per level.
                   A        B        C        D        E       F      G
               +--------+--------+--------+--------+--------+-----+--------+
         Total |    934 |    913 |     21 |      0 |    735 |   2 |  467.0 |
       Dungeon |    934 |    913 |     21 |      0 |    735 |   2 |  467.0 |
               +--------+--------+--------+--------+--------+-----+--------+

Top non-repeatable levels by time:
     D:1: 862 daAuts
     D:2: 72 daAuts
